Map: Blueshift LE

Players

Sugar

  • Race: Terran Terran
  • Spawn Location: 1:00

jheffe - Winner!

  • Race: Terran Terran
  • Spawn Location: 7:00

Event: WCS Montreal 2018

VOD

Have the link to the VOD?

Description

Time

  • Played on: Sept. 7, 2018, 1:30 p.m.
  • Length: 9:50

All games in this series

Show
View Real Time Build Order
Export as new Build Order

Sugar Terran 

Build Orders:  

Get SALT Encoding   

  12  0:00  SCV  
  13  0:12  SCV  
  14  0:18  Supply Depot  
  14  0:25  SCV  
  15  0:31  Refinery  
  15  0:45  Barracks  
  15  0:58  Barracks  
  15  1:02  SCV  
  16  1:14  SCV  
  17  1:31  Orbital Command  
  17  1:32  Reaper  
  18  1:42  Refinery  
  18  1:47  Reaper  
  18  1:50  Supply Depot  
  19  1:58  SCV  
  20  2:04  Reaper  
  21  2:10  SCV  
  22  2:19  Reaper  
  23  2:24  SCV  
  23  2:36  Reaper  
  24  2:37  SCV  
  25  2:52  Reaper  
  25  2:57  SCV  
  27  3:00  Factory  
  26  3:06  Supply Depot  
  26  3:08  Reaper  
  26  3:09  SCV  
  28  3:22  SCV  
  28  3:24  Command Center  
  29  3:34  SCV  
  29  3:35  Reaper  
  29  3:40  Supply Depot  
  30  3:46  Starport  
  30  3:55  Cyclone  
  33  3:56  SCV  
  34  4:04  Engineering Bay  
  34  4:14  SCV  
  38  4:27  SCV  
  38  4:29  Factory Tech Lab, Viking  
  38  4:34  Missile Turret  
  38  4:38  Missile Turret  
  38  4:44  Orbital Command  
  38  4:45  SCV  
  38  5:07  Siege Tank  
  38  5:08  Viking  
  38  5:10  SCV  
  44  5:16  SCV  
  45  5:21  Barracks Reactor  
  45  5:22  SCV  
  46  5:34  SCV  
  46  5:35  Barracks  
  47  5:36  Barracks  
  47  5:39  Siege Tank  
  47  5:40  Starport Reactor  
  47  5:41  SCV  
  51  5:45  Supply Depot  
  51  5:52  SCV  
  51  5:54  SCV  
  50  6:04  SCV  
  50  6:08  Marine x2  
  50  6:10  SCV  
  52  6:15  Terran Infantry Weapons Level 1, Supply Depot  
  52  6:16  SCV  
  53  6:20  Barracks  
  53  6:24  SCV, Siege Tank  
  57  6:26  Refinery x2  
  57  6:31  Barracks Tech Lab, Viking  
  57  6:32  Marine x2  
  61  6:33  SCV  
  61  6:36  SCV  
  63  6:45  SCV  
  64  6:48  SCV  
  64  6:49  Marine  
  65  6:55  Marine x2  
  65  6:56  Stimpack  
  65  6:57  SCV  
  68  7:03  Barracks  
  68  7:07  SCV  
  69  7:09  SCV  
  70  7:15  Marine  
  70  7:17  Starport Reactor  
  70  7:19  SCV  
  70  7:22  SCV  
  73  7:26  Siege Tank  
  73  7:29  Barracks Reactor  
  76  7:30  Marine  
  76  7:31  SCV  
  78  7:38  Supply Depot x2  
  78  7:39  Supply Depot  
  78  7:40  SCV, Marine  
  81  7:51  Barracks Reactor, Marine  
  82  7:52  SCV, Marine x2  
  84  7:59  Siege Tank  
  84  8:01  Medivac x2  
  90  8:06  Engineering Bay  
  90  8:09  Marine  
  90  8:10  Marine  
  90  8:16  Marine  
  90  8:17  SCV  
  92  8:21  SCV  
  93  8:31  Marine  
  93  8:32  Marine  
  95  8:38  Marine  
  95  8:39  SCV  
  96  8:41  Marine x2  
  96  8:42  Command Center  
  96  8:43  Marine  
  90  8:50  SCV, Marine  
  90  8:51  Marine  
  90  8:52  Marine x3  
  94  8:56  Marine  
  94  8:59  Marine  
  94  9:01  Marine  
  94  9:02  SCV  
  98  9:08  Marine  
  99  9:10  Marine  
  99  9:14  Supply Depot x2  
  99  9:15  Supply Depot  
  99  9:30  Marine  
  103  9:32  Marine x5  
Show
View Real Time Build Order
Export as new Build Order

jheffe Terran - Winner!

Build Orders: Cyclone Opening, MMM Bio 

Get SALT Encoding   

  12  0:00  SCV  
  13  0:13  SCV  
  14  0:17  Supply Depot  
  14  0:25  SCV  
  14  0:27  Refinery  
  15  0:39  SCV  
  16  0:44  Barracks  
  16  0:51  SCV  
  16  0:55  Refinery  
  17  1:03  SCV  
  18  1:16  SCV  
  19  1:31  Reaper, Orbital Command  
  20  1:36  Factory  
  20  1:53  Supply Depot  
  20  1:56  SCV  
  21  2:03  Reaper  
  22  2:08  SCV  
  23  2:20  SCV  
  24  2:23  Cyclone  
  27  2:33  SCV  
  27  2:37  Starport  
  27  2:41  Supply Depot  
  27  2:44  Marine  
  26  2:45  SCV  
  26  2:58  Hellion, SCV  
  27  3:09  Barracks Tech Lab  
  27  3:10  SCV  
  28  3:21  Hellion  
  28  3:22  SCV  
  28  3:23  Supply Depot  
  31  3:34  SCV  
  31  3:36  Cloaking Field  
  31  3:38  Banshee  
  35  3:42  Barracks Reactor  
  35  3:44  Hellion  
  37  4:06  Command Center  
  37  4:08  Factory Tech Lab  
  37  4:20  Marine x2  
  39  4:28  Banshee  
  39  4:30  Siege Tank  
  45  4:33  Supply Depot  
  45  4:41  Marine x2  
  47  4:48  SCV  
  44  5:03  SCV  
  44  5:06  Siege Tank  
  43  5:15  SCV  
  44  5:27  SCV  
  45  5:29  Barracks  
  45  5:30  Barracks  
  45  5:32  Starport Reactor  
  45  5:36  Marine  
  45  5:37  Stimpack  
  45  5:38  Orbital Command  
  45  5:39  SCV  
  47  5:52  SCV  
  48  6:04  SCV, Orbital Command  
  49  6:05  Marine  
  49  6:09  Siege Tank  
  50  6:16  SCV  
  50  6:17  Marine x2  
  53  6:19  Engineering Bay  
  53  6:22  Starport Reactor  
  53  6:23  Marine x2  
  55  6:26  Refinery  
  55  6:28  SCV  
  55  6:29  SCV  
  57  6:35  Marine x2  
  57  6:38  Supply Depot  
  59  6:40  SCV  
  59  6:41  SCV  
  59  6:45  Marine x2  
  59  6:46  Terran Infantry Weapons Level 1  
  63  6:55  SCV  
  63  6:57  SCV  
  63  6:58  Marine x2  
  63  7:01  Medivac, Supply Depot  
  65  7:04  Medivac  
  65  7:08  SCV  
  70  7:10  SCV  
  70  7:12  Marine x2  
  70  7:13  Marine  
  74  7:22  Marine  
  74  7:23  Marine  
  74  7:24  Siege Tank  
  74  7:28  Supply Depot  
  79  7:32  Marine x3  
  79  7:35  Medivac  
  84  7:49  SCV  
  85  7:51  Marine x2  
  85  7:52  Marine x3  
  85  7:53  Combat Shields  
  85  7:55  Supply Depot  
  90  8:03  Medivac  
  90  8:05  SCV, Supply Depot  
  93  8:09  SCV, Marine  
  94  8:16  Marine x2  
  94  8:19  SCV  
  97  8:21  SCV, Siege Tank  
  97  8:26  Supply Depot  
  101  8:31  SCV  
  102  8:38  SCV  
  101  8:41  Marine  
  101  8:43  SCV  
  102  8:50  Marine x4  
  105  8:56  Medivac x2  
  105  8:59  Marine  
  110  9:04  Supply Depot  
  110  9:22  Marine x5  
  118  9:39  Command Center  
Tags
 
Composition
MMM Bio
Matchup
TvT
Race
Terran
Spawn Locations
Cross Positions
Add a new tag
Caveats
  • Supply blocks, unpowered buildings, or Contaminate may cause inaccurate times.
  • Supply counts are checked every 10 seconds.